 Dungeon Crawl Stone Soup version 0.31-a0-876-gfe8ebadbca (webtiles) character file.

Game seed: 10710513790895887541

155 Shayle the Changeling (level 5, -1/41 HPs)
             Began as a Human Shapeshifter on Oct 13, 2023.
             Slain by a gnoll
             ... wielding a +0 flail
             ... led by a gnoll bouda
              (7 damage)
             ... on level 3 of the Dungeon.
             The game lasted 00:03:45 (2146 turns).

Shayle the Changeling (Human Shapeshifter)          Turns: 2146, Time: 00:03:45

Health: -1/41      AC:  5    Str: 14    XL:     5   Next: 63%
Magic:  5/5        EV: 11    Int: 12    God:
Gold:   95         SH:  0    Dex: 13    Spells: 4/4 levels left

rFire   . . .        n - +0 short sword (venom)
rCold   . . .        (no shield)
rNeg    . . .        l - +0 ring mail
rPois   .            (helmet currently unavailable)
rElec   .            (cloak currently unavailable)
rCorr   .            (gloves currently unavailable)
SInv    .            (boots currently unavailable)
Will    .....        (no amulet)
Stlth   +            (no ring)
HPRegen 0.26/turn    (no ring)
MPRegen 0.09/turn

%: no passive effects
@: beast-form
A: beast (slay +2)
a: Begin Untransformation


You were on level 3 of the Dungeon.
You were a hulking beast.
You visited 1 branch of the dungeon, and saw 3 of its levels.

You collected 95 gold pieces.

Inventory:

Hand Weapons
 n - a +0 short sword of venom (weapon)
Armour
 a - a +0 animal skin
 l - a +0 ring mail (worn)
 o - a +0 helmet
Jewellery
 g - a ring of flight
Talismans
 c - a beast talisman (active)
 d - a flux talisman
Scrolls
 e - a scroll of enchant armour {unknown}
 h - a scroll of amnesia {unknown}
 i - 2 scrolls of identify {unknown}
 j - 2 scrolls of fear {unknown}
 m - a scroll of summoning {unknown}
 q - a scroll of revelation {unknown}
Potions
 b - a potion of lignification
 f - a potion of ambrosia {unknown}
 k - 2 potions of curing
 p - a potion of might {unknown}
 r - 2 potions of heal wounds {unknown}


   Skills:
 + Level 3.5 Fighting
 - Level 2.0 Dodging
 - Level 3.0 Unarmed Combat
 + Level 4.4 Shapeshifting


You had 4 spell levels left.
You didn't know any spells.
Your spell library was empty.

Dungeon Overview and Level Annotations

Branches:
Dungeon (3/15)

Altars:
Elyvilon
Kikubaaqudgha


Message History

The gnoll bouda hits you with a +0 trident!
You hit the gnoll bouda.
The gnoll bouda looks as sick as possible!
You punch the gnoll bouda, but do no damage.
The gnoll bouda is severely wounded.
A gnoll comes into view. It is wielding a +0 flail.
The gnoll bouda closely misses you.
You hit the gnoll bouda but do no damage.
The gnoll bouda looks as sick as possible!
The gnoll bouda is severely wounded.
The gnoll closely misses you.
The gnoll bouda hits you but does no damage.
Okay, then.
Okay, then.
It was a potion of curing.
You feel better.
Your attacks no longer feel as feeble.
You kill the gnoll bouda!
The gnoll hits you from afar with a +0 spear!
The gnoll hits you with a +0 spear.
Things that are here:
a +0 trident; a +0 leather armour; a gnoll corpse You hit the gnoll.
The gnoll is lightly wounded.
The gnoll hits you with a +0 spear!
* * * LOW HITPOINT WARNING * * *
You hit the gnoll.
The gnoll is poisoned.
You punch the gnoll, but do no damage.
The gnoll is severely wounded.
The gnoll closely misses you.
You hit the gnoll.
You kill the gnoll!
You closely miss the gnoll. The gnoll barely misses you.
You hit the gnoll.
The gnoll is poisoned.
The gnoll is lightly wounded.
The gnoll hits you with a +0 flail.
* * * LOW HITPOINT WARNING * * *
You completely miss the gnoll.
The gnoll is lightly wounded.
The gnoll hits you with a +0 flail!
You die...

......#.............
..##..................
# #..###.............
##.# ######....###.
..# #........ #.#
#.<.###.. #.# #...#
##. #g# #...# #. #h#
##.## #. #.# ... #.
#######.#######.#. #
................. #
########.###.#..# #
#......#.. ###
#####..#.# #..
#...#.#######.#
#.............#


You could see a gnoll (very poisoned).

Vanquished Creatures
  A gnoll bouda (D:3)
  5 gnolls
  3 adders (D:2)
  A dart slug (D:3)
  3 bats
  6 endoplasms
  A giant cockroach (D:1)
  7 goblins
  5 hobgoblins
  2 quokkas
  5 ball pythons
  2 frilled lizards
  6 kobolds
  4 rats
51 creatures vanquished.

Notes
Turn   | Place    | Note
-------+----------+-------------------------------------------
     0 | D:1      | Shayle the Human Shapeshifter began the quest for the Orb.
     0 | D:1      | Reached XP level 1. HP: 15/15 MP: 1/1
   138 | D:1      | Reached XP level 2. HP: 21/21 MP: 2/2
   658 | D:1      | Reached XP level 3. HP: 27/27 MP: 3/3
   747 | D:1      | Found a faded altar of an unknown god.
   983 | D:2      | Reached XP level 4. HP: 29/34 MP: 4/4
  1389 | D:2      | Reached skill level 4 in Shapeshifting
  1537 | D:2      | Reached XP level 5. HP: 41/41 MP: 5/5
  1920 | D:3      | Found a large runed translucent door.
  1924 | D:3      | Found a large runed translucent door.
  1932 | D:3      | Found an ancient bone altar of Kikubaaqudgha.
  1953 | D:3      | Found a white marble altar of Elyvilon.
  2146 | D:3      | Slain by a gnoll

Illustrated notes

Levels and vault maps discovered:
D:1:      roadster_arrival_rocket_small, layout_basic,
          hellmonk_ecumenical_altar_pennies_from_heaven
D:2:      layout_basic, minmay_pentomino_w2
D:3:      layout_loops_cross, lemuel_coloured_pillars_altar,
          jmf_multi_god_temple2, nicolae_grassy_gnolls

Skill      XL: |  1  2  3  4 |
---------------+-------------+-----
Fighting       | 2 3 |  3.5
Shapeshifting  | 4 |  4.4
Dodging        | |  2.0
Unarmed Combat | |  3.0

Action                     |  1- 3 |  4- 6 || total
---------------------------+-------+-------++-------
  Melee: Unarmed           |    68 |    29 ||    97
         Short sword       |       |    71 ||    71
         Punch             |       |     2 ||     2
    Use: Potion            |       |     1 ||     1
   Stab: Sleeping          |     1 |     1 ||     2
 Armour: Animal skin       |    31 |    18 ||    49
         Ring mail         |       |    41 ||    41
  Dodge: Dodged            |    36 |    73 ||   109

Table legend: (Time is in decaauts)
 A = Elapsed time spent in this place.
 B = Non-inter-level travel time spent in this place.
 C = Inter-level travel time spent in this place.
 D = Time resting spent in this place.
 E = Time spent auto-exploring this place.
 F = Levels seen in this place.
 G = Mean time per level.
                   A        B        C        D        E       F      G
               +--------+--------+--------+--------+--------+-----+--------+
         Total |   2141 |   2080 |     61 |    156 |   1427 |   3 |  713.7 |
       Dungeon |   2141 |   2080 |     61 |    156 |   1427 |   3 |  713.7 |
               +--------+--------+--------+--------+--------+-----+--------+

Top non-repeatable levels by time:
     D:2: 1026 daAuts
     D:1: 809 daAuts
     D:3: 304 daAuts
